 Dungeon Crawl Stone Soup version 0.29.1-13-g9f3cf754e1 (webtiles) character file.

Game seed: 16619207479250808553

143 hawla the Chiller (level 5, -2/39 HPs)
             Began as a Meteoran Ice Elementalist on Jan 26, 2023.
             Slain by a phantom (3 damage)
             ... on level 4 of the Dungeon.
             The game lasted 00:03:45 (648 turns).

hawla the Chiller (Meteoran Ice Elementalist)        Turns: 648, Time: 00:03:46

Health: -2/39      AC:  2    Str:  9    XL:     5   Next: 80%
Magic:  12/12      EV: 13    Int: 18    God:
Gold:   64         SH:  0    Dex: 15    Spells: 5/12 levels left

rFire   . . .      SeeInvis .   (no weapon)
rCold   . . .      Faith    .   (no shield)
rNeg    . . .      Spirit   .   a - +0 robe
rPois   .          Reflect  .   (no helmet)
rElec   .          Harm     .   (no cloak)
rCorr   .          Rampage  .   (no gloves)
Will    .....                   (no boots)
Stlth   +.........              (no amulet)
HPRegen 0.13/turn               (no ring)
MPRegen 0.13/turn               (no ring)

@: weakened, on berserk cooldown, slowed, glowing, very slow
A: sense surroundings 1, otherworldly, glowing, explore regen
a: no special abilities


You were on level 4 of the Dungeon.
You visited 1 branch of the dungeon, and saw 4 of its levels.

You collected 64 gold pieces.

Inventory:

Armour
 a - a +0 robe (worn)
Jewellery
 d - a ring of fire
Potions
 b - a potion of magic
 c - 2 potions of flight
 e - 2 potions of berserk rage


   Skills:
 + Level 0.5 Fighting
 + Level 2.8 Dodging
 - Level 1.4 Stealth
 + Level 4.3 Spellcasting
 + Level 6.0 Ice Magic


You had 5 spell levels left.
You knew the following spells:

 Your Spells              Type           Power      Damage    Failure   Level
a - Freeze                Ice            100%       1d11      1%          1
b - Frozen Ramparts       Ice            50%        1d8       3%          3
c - Ozocubu's Armour      Ice            25%        N/A       3%          3

Your spell library contained the following spells:

 Spells                   Type           Power      Damage    Failure   Level
 Hailstorm                Conj/Ice       14%        3d5       38%         4


Dungeon Overview and Level Annotations

Branches:
Dungeon (4/15) Zot: 1747
 Temple: D:4-7

Altars:


Innate Abilities, Weirdness & Mutations

You passively map a small area around you.
You are easily found by Zot.
You glow in the dark.
You regain HP and MP as you explore.


Message History

You aren't carrying any scrolls.
It was a potion of berserk rage.
A red film seems to cover your vision as you go berserk!
You feel yourself moving faster!
You feel mighty!
Found a scroll of summoning.
You feel a strong urge to attack something.
You feel your anger nearly subside.
You are no longer berserk.
You are exhausted.
You feel yourself slow down.
You hit the phantom but do no damage. The phantom hits you.
The phantom blinks!
You blink.
The phantom hits you.
You barely miss the phantom. The phantom misses you.
You barely miss the phantom. The phantom hits you!
The phantom hits you but does no damage.
You hit the phantom but do no damage. The phantom hits you!
The phantom blinks!
You blink.
You miss the phantom. The phantom hits you. The phantom hits you!
* * * LOW HITPOINT WARNING * * *
You aren't carrying any scrolls.
Okay, then.
The phantom hits you.
* * * LOW HITPOINT WARNING * * *
The phantom blinks!
You blink.
A gnoll comes into view. It is wielding a +0 flail.
The phantom hits you.
* * * LOW HITPOINT WARNING * * *
The phantom blinks!
You blink.
A gnoll bouda and 2 gnolls come into view.
The phantom attacks as you move away!
The phantom hits you but does no damage.
The gnoll shouts!
The gnoll bouda gazes fiercely through you!
You feel your attacks grow feeble.
The gnoll shouts!
You hear an angry hiss.
The phantom hits you.
* * * LOW HITPOINT WARNING * * *
The phantom barely misses you.
A gnoll comes into view. It is wielding a +0 spear.
The phantom attacks as you move away! The phantom hits you.
You die...

, ,................#
, , ,
.................#
#................#
,,
.................#
.................# ,
...........).....#
.................#
#................##
....g...W@........#
,
.....g............#
..g.g.............#
,
,..g.####..........#
... #..........# , ,
.. #..........# ,g
#..........# * ,
#..........#
#.......?..#


You could see a phantom, a gnoll bouda and 4 gnolls.

Vanquished Creatures
  Natasha (D:2)
  3 adders (D:2)
  2 worms (D:2)
  An orc (D:3)
  3 bats (D:2)
  An endoplasm (D:3)
  A hobgoblin (D:2)
  A ball python (D:1)
  A frilled lizard (D:2)
  A goblin (D:1)
15 creatures vanquished.

Vanquished Creatures (collateral kills)
  A phantom (D:4)
1 creature vanquished.

Grand Total: 16 creatures vanquished

Notes
Turn   | Place    | Note
-------+----------+-------------------------------------------
     0 | D:1      | hawla the Meteoran Ice Elementalist began the quest for the
                  | Orb.
     0 | D:1      | Reached XP level 1. HP: 14/14 MP: 5/5
    92 | D:2      | Reached XP level 2. HP: 18/20 MP: 2/6
   143 | D:2      | Noticed Natasha
   147 | D:2      | Noticed a crimson imp
   149 | D:2      | Noticed a crimson imp
   150 | D:2      | Killed Natasha
   151 | D:2      | Reached skill level 5 in Ice Magic
   151 | D:2      | Reached XP level 3. HP: 26/26 MP: 1/8
   209 | D:2      | Learned a level 3 spell: Frozen Ramparts
   223 | D:2      | Reached XP level 4. HP: 33/33 MP: 4/9
   227 | D:2      | Learned a level 3 spell: Ozocubu's Armour
   579 | D:4      | Noticed a phantom
   601 | D:4      | Killed a phantom
   602 | D:4      | Reached skill level 6 in Ice Magic
   602 | D:4      | Reached XP level 5. HP: 39/39 MP: 10/12
   634 | D:4      | Noticed a phantom
   647 | D:4      | HP: 1/39 [phantom (6)]
   648 | D:4      | Slain by a phantom

Illustrated notes

Levels and vault maps discovered:
D:1:      spicycebolla_green_bress_n_ham, layout_basic, serial_shops,
          nicolae_shop_bloodbath_and_beyond, chequers_ecumenical_altar_grove,
          chequers_serial_rivers_micro_e, minmay_tree_intersection,
          hangedman_feature_mirror
D:2:      layout_loops_corners, uniq_natasha, uniq_terence
D:3:      layout_loops_cross, grunt_qazlal_sundering, portal_sewer_entry_e,
          minivault_19, chequers_serial_rivers_marsh,
          hangedman_abyss_or_decor_stabs
D:4:      layout_basic, mainiacjoe_overflow_chevrons, serial_shops,
          shop_fountains, uniq_ijyb

Skill      XL: |  1  2  3  4 |
---------------+-------------+-----
Spellcasting   | 3 4 |  4.3
Ice Magic      | 5 6 |  6.0
Fighting       | |  0.5
Dodging        | |  2.8
Stealth        | |  1.4

Action                   |  1- 3 |  4- 6 || total
-------------------------+-------+-------++-------
Melee: Unarmed           |     1 |    10 ||    11
 Cast: Freeze            |    14 |    14 ||    28
       Frozen Ramparts   |     1 |       ||     1
  Use: Scroll            |       |     3 ||     3
       Potion            |       |     1 ||     1
Armor: Robe              |     5 |     4 ||     9
Dodge: Dodged            |     6 |    10 ||    16
